Canadiens vs Kings

Created - 6 mars 2016 at 19:33

Goals
1 2 3 T
Canadiens 2 2 1 5
Kings 2 0 1 3
Shots
1 2 3 T
Canadiens 15 10 10 35
Kings 12 16 9 37

1st period

1. Canadiens , Marek Svatos 25 (Marc Savard) at 0:13
2. Canadiens , Marc Savard 31 (Rene Bourque, Denis Grebeshkov) at 2:47
3. Kings , Jordan Nolan 5 (Drew Doughty) at 11:56
4. Kings , Jordan Nolan 6 (Dion Phaneuf, Miroslav Satan) at 16:38

Penalties :
No Penalty

2nd period

5. Canadiens , Greg Stewart 4 (Rene Bourque, Jiri Fischer) at 14:01
6. Canadiens , Marek Svatos 26 (Marc Savard) at 14:16

Penalties :
No Penalty

3rd period

7. Kings , Drew Doughty 10 (Guillaume Latendresse, Dion Phaneuf) at 11:33 (PP)
8. Canadiens , Maxim Talbot 12 (Marek Svatos, Matt Carle) at 19:11

Penalties :
Drew Miller (Mon) for Hooking (Minor) at 3:58, Devin Setoguchi (Mon) for Tripping (Minor) at 10:57, Tomas Kaberle (LAK) for Hooking (Minor) at 11:46

Goalie Stats

Jonathan Bernier (Mon), 34 saves from 37 shots - (0,919), W, 20-16-2, 60:00 minutes
Jean-Sébastien Giguère (LAK), 13 saves from 14 shots - (0,929), 25:44 minutes
Viktor Fasth (LAK), 17 saves from 21 shots - (0,810), L, 28-20-1, 34:16 minutes

Players Stats for Canadiens

Player Name              G  A  P  +/- PIM S  H  SB GA TA FO     MP     PP MP  PK MP  
------------------------------------------------------------------------------------
Brooks Laich             0  0  0   0  0   1  1  0  0  0  2/13   16:36   0:00   0:50 
Cam Janssen              0  0  0   0  0   0  1  0  0  0  0/1     8:00   0:00   0:00 
Dan Boyle                0  0  0   1  0   2  4  0  0  3  0/0    21:27   1:02   0:00 
Denis Grebeshkov         0  1  1   1  0   1  0  4  0  0  0/0    19:37   1:02   1:10 
Dennis Wideman           0  0  0   1  0   2  4  2  0  0  0/0    26:24   0:57   1:25 
Devin Setoguchi          0  0  0   0  2   2  1  1  0  0  1/1    16:37   0:52   0:00 
Drew Miller              0  0  0   1  2   4  2  0  1  0  0/1    17:34   0:52   0:00 
Dustin Boyd              0  0  0   0  0   0  0  0  1  0  3/4    13:03   0:52   0:00 
Greg Stewart             1  0  1   0  0   2  0  0  1  1  0/0    14:23   0:00   1:32 
Jiri Fischer             0  1  1   1  0   1  1  1  0  1  0/0    22:05   0:00   1:25 
Ladislav Smid            0  0  0   1  0   0  0  2  0  1  0/0    15:31   0:00   1:10 
Marc Savard              1  2  3   2  0   3  4  0  1  1  20/36  20:09   1:07   0:35 
Marek Svatos             2  1  3   3  0   8  2  0  1  1  0/0    19:56   1:07   0:00 
Matt Carle               0  1  1   1  0   1  0  0  0  0  0/0    14:56   0:57   0:00 
Maxim Talbot             1  0  1   1  0   3  0  1  0  0  4/8    10:21   0:00   1:32 
Patrick Sharp            0  0  0   2  0   2  2  0  1  1  1/1    20:15   1:07   0:41 
Rene Bourque             0  2  2   0  0   1  3  0  0  0  0/1    12:29   0:00   0:00 
Riley Cote               0  0  0   0  0   2  0  0  0  1  0/0     8:00   0:00   0:00 

Players Stats for Kings

Player Name              G  A  P  +/- PIM S  H  SB GA TA FO     MP     PP MP  PK MP  
------------------------------------------------------------------------------------
Andrei Kostitsyn         0  0  0  -3  0   2  1  0  1  0  0/0    18:12   1:29   0:29 
Anze Kopitar             0  0  0  -3  0   4  2  1  2  0  11/23  17:21   1:29   0:29 
Blake Wheeler            0  0  0  -2  0   3  0  1  0  0  1/2    17:04   0:51   0:26 
Boyd Devereaux           0  0  0   0  0   1  0  0  0  0  4/8    11:12   0:00   1:04 
Dion Phaneuf             0  2  2  -2  0   0  2  2  0  0  0/0    24:40   1:44   1:07 
Drew Doughty             1  1  2   1  0   6  0  1  2  0  0/0    15:51   1:44   0:00 
Dustin Byfuglien         0  0  0   0  0   1  0  0  0  0  0/0    10:34   0:00   0:26 
Guillaume Latendresse    0  1  1  -2  0   5  0  0  0  0  0/1    16:02   1:06   0:00 
Johnny Oduya             0  0  0  -2  0   0  2  0  0  1  0/0    21:13   0:51   0:52 
Jordan Nolan             2  0  2   2  0   3  1  1  0  0  6/12   15:14   1:06   0:00 
Lubomir Visnovsky        0  0  0   1  0   2  0  1  0  1  0/0    15:10   0:00   1:07 
Martin Samuelsson        0  0  0   0  0   2  1  1  1  0  0/0    11:12   0:00   1:04 
Matt Duchene             0  0  0  -2  0   1  1  0  0  1  12/19  17:16   1:29   0:00 
Miroslav Satan           0  1  1   2  0   2  2  1  2  1  0/0    14:08   0:00   0:00 
Scottie Upshall          0  0  0   2  0   0  2  0  2  1  1/1    14:08   0:00   0:00 
Tomas Kaberle            0  0  0  -2  2   0  1  2  0  0  0/0    22:00   0:00   0:00 
Trevor Daley             0  0  0  -2  0   2  0  2  0  1  0/0    20:22   0:00   0:52 
Vladimir Tarasenko       0  0  0  -3  0   3  0  0  0  0  0/0    16:21   1:06   0:00 

3 Stars

1 - Marek Svatos (Mon)
2 - Marc Savard (Mon)
3 - Jordan Nolan (LAK)

Power Play

Canadiens - 0 on 1 Attempt(s) - 0,00%
Kings - 1 on 2 Attempt(s) - 50,00%

Penalty Kill

Canadiens - 1 on 2 Attempt(s) - 50,00% - Score 0 goal in Penalty Kill
Kings - 1 on 1 Attempt(s) - 100,00% - Score 0 goal in Penalty Kill

Team Stat

Canadiens - Hits : 25 - Faceoff Wins : 31 - Blocked Shots : 11 - Penalty Minutes : 4
Kings - Hits : 15 - Faceoff Wins : 35 - Blocked Shots : 13 - Penalty Minutes : 2

Official

Referees : McCreary Bill and Martell Rob
Linesman : Brad Lazarowich and Michel Cormier

Game Notes

16:38 of 1st period - Kings goal is going for a video replay. After video review, Goal.
Jean-Sébastien Giguère enters game at 14:16 of 2nd period

Finance

Level 1 -- Attendance: 5933 (98,88%) -- Ticket Income 385 645 $
Level 2 -- Attendance: 4789 (95,78%) -- Ticket Income 191 560 $
Level 3 -- Attendance: 2000 (100,00%) -- Ticket Income 40 000 $
Level 4 -- Attendance: 4000 (100,00%) -- Ticket Income 60 000 $
Luxury Box -- Attendance: 987 (98,70%) -- Ticket Income 123 375 $
Game was played at the Staples Center.
Total Attendance: 17709 (98,38%)
Total Ticket Income: 800 580 $
Other Income: 120 087 $
Total Income: 920 667 $

Canadiens

5 vs 5 Forward 
   Center                   Left Wing                Right Wing               Time % Phy DF OF 
 1 Marc Savard              Patrick Sharp            Marek Svatos             40     1   2  2  
 2 Brooks Laich             Drew Miller              Devin Setoguchi          30     1   2  2  
 3 Dustin Boyd              Greg Stewart             Rene Bourque             20     1   2  2  
 4 Maxim Talbot             Riley Cote               Cam Janssen              10     1   2  2  

5 vs 5 Defense 
   Defense                  Defense                                           Time % Phy DF OF 
 1 Jiri Fischer             Dennis Wideman                                    40     1   2  2  
 2 Denis Grebeshkov         Dan Boyle                                         30     1   2  2  
 3 Ladislav Smid            Matt Carle                                        20     1   2  2  
 4 Dan Boyle                Dennis Wideman                                    10     1   2  2  

PowerPlay Forward 
   Center                   Left Wing                Right Wing               Time % Phy DF OF 
 1 Marc Savard              Patrick Sharp            Marek Svatos             60     1   2  2  
 2 Dustin Boyd              Drew Miller              Devin Setoguchi          40     1   2  2  

PowerPlay Defense
   Defense                  Defense                                           Time % Phy DF OF 
 1 Dan Boyle                Denis Grebeshkov                                  60     1   2  2  
 2 Matt Carle               Dennis Wideman                                    40     1   2  2  

Penalty Kill 4 Players Forward 
   Center                   Wing                     Time % Phy DF OF 
 1 Maxim Talbot             Greg Stewart             60     1   2  2  
 2 Brooks Laich             Drew Miller              40     1   2  2  

Penalty Kill 4 Players Defense
   Defense                  Defense                  Time % Phy DF OF 
 1 Jiri Fischer             Dennis Wideman           60     1   2  2  
 2 Ladislav Smid            Denis Grebeshkov         40     1   2  2  

Penalty Kill - 3 Players Forward 
   Forward                                           Time % Phy DF OF 
 1 Maxim Talbot                                      60     1   2  2  
 2 Brooks Laich                                      40     1   2  2  

Penalty Kill - 3 Players Defense
   Defense                  Defense                  Time % Phy DF OF 
 1 Jiri Fischer             Dennis Wideman           60     1   2  2  
 2 Ladislav Smid            Denis Grebeshkov         40     1   2  2  

4 vs 4 Forward 
   Center                   Wing                     Time % Phy DF OF 
 1 Marc Savard              Patrick Sharp            60     1   2  2  
 2 Brooks Laich             Marek Svatos             40     1   2  2  

4 vs 4 Defense
   Defense                  Defense                  Time % Phy DF OF 
 1 Jiri Fischer             Dennis Wideman           60     1   2  2  
 2 Dan Boyle                Denis Grebeshkov         40     1   2  2  

Last Minutes Offensive
   Center                   Left Wing                Right Wing               Defense                  Defense                  
   Marc Savard              Patrick Sharp            Marek Svatos             Dan Boyle                Denis Grebeshkov         

Last Minutes Defensive
   Center                   Left Wing                Right Wing               Defense                  Defense                  
   Maxim Talbot             Drew Miller              Marek Svatos             Jiri Fischer             Dennis Wideman           

Goaltenders
Starting : Jonathan Bernier         
Backup : Miika Kiprusoff          

Extra Forwards
Normal : Greg Stewart, Rene Bourque, Dustin Boyd - PP : Maxim Talbot, Greg Stewart - PK : Marc Savard
Extra Defensemen
Normal : Ladislav Smid, Matt Carle, Denis Grebeshkov - PP : Jiri Fischer - PK : Matt Carle, Dan Boyle
Penalty Shots
Rene Bourque, Patrick Sharp, Marek Svatos, Dustin Boyd, Brooks Laich

Kings

5 vs 5 Forward 
   Center                   Left Wing                Right Wing               Time % Phy DF OF 
 1 Anze Kopitar             Guillaume Latendresse    Vladimir Tarasenko       30     1   1  3  
 2 Matt Duchene             Andrei Kostitsyn         Blake Wheeler            30     0   2  3  
 3 Jordan Nolan             Scottie Upshall          Miroslav Satan           25     1   2  2  
 4 Boyd Devereaux           Martin Samuelsson        Dustin Byfuglien         15     0   4  1  

5 vs 5 Defense 
   Defense                  Defense                                           Time % Phy DF OF 
 1 Dion Phaneuf             Tomas Kaberle                                     40     1   3  1  
 2 Johnny Oduya             Trevor Daley                                      35     1   3  1  
 3 Drew Doughty             Lubomir Visnovsky                                 25     1   3  1  
 4 Dion Phaneuf             Johnny Oduya                                      0      1   3  1  

PowerPlay Forward 
   Center                   Left Wing                Right Wing               Time % Phy DF OF 
 1 Matt Duchene             Andrei Kostitsyn         Anze Kopitar             60     1   0  4  
 2 Jordan Nolan             Guillaume Latendresse    Vladimir Tarasenko       40     1   0  4  

PowerPlay Defense
   Defense                  Defense                                           Time % Phy DF OF 
 1 Dion Phaneuf             Drew Doughty                                      60     0   2  3  
 2 Johnny Oduya             Blake Wheeler                                     40     0   2  3  

Penalty Kill 4 Players Forward 
   Center                   Wing                     Time % Phy DF OF 
 1 Boyd Devereaux           Martin Samuelsson        60     1   2  2  
 2 Dustin Byfuglien         Blake Wheeler            40     1   2  2  

Penalty Kill 4 Players Defense
   Defense                  Defense                  Time % Phy DF OF 
 1 Lubomir Visnovsky        Dion Phaneuf             60     1   2  2  
 2 Johnny Oduya             Trevor Daley             40     1   2  2  

Penalty Kill - 3 Players Forward 
   Forward                                           Time % Phy DF OF 
 1 Boyd Devereaux                                    60     1   2  2  
 2 Blake Wheeler                                     40     1   2  2  

Penalty Kill - 3 Players Defense
   Defense                  Defense                  Time % Phy DF OF 
 1 Dion Phaneuf             Johnny Oduya             60     1   2  2  
 2 Drew Doughty             Lubomir Visnovsky        40     1   2  2  

4 vs 4 Forward 
   Center                   Wing                     Time % Phy DF OF 
 1 Anze Kopitar             Andrei Kostitsyn         60     1   2  2  
 2 Matt Duchene             Guillaume Latendresse    40     1   2  2  

4 vs 4 Defense
   Defense                  Defense                  Time % Phy DF OF 
 1 Dion Phaneuf             Drew Doughty             60     1   2  2  
 2 Johnny Oduya             Trevor Daley             40     1   2  2  

Last Minutes Offensive
   Center                   Left Wing                Right Wing               Defense                  Defense                  
   Anze Kopitar             Andrei Kostitsyn         Vladimir Tarasenko       Dion Phaneuf             Drew Doughty             

Last Minutes Defensive
   Center                   Left Wing                Right Wing               Defense                  Defense                  
   Anze Kopitar             Guillaume Latendresse    Blake Wheeler            Dion Phaneuf             Johnny Oduya             

Goaltenders
Starting : Viktor Fasth             
Backup : Jean-Sébastien Giguère   

Extra Forwards
Normal : Scottie Upshall, Dustin Byfuglien, Martin Samuelsson - PP : Scottie Upshall, Dustin Byfuglien - PK : Anze Kopitar
Extra Defensemen
Normal : Tomas Kaberle, Trevor Daley, Drew Doughty - PP : Tomas Kaberle - PK : Trevor Daley, Tomas Kaberle
Penalty Shots
Anze Kopitar, Andrei Kostitsyn, Guillaume Latendresse, Blake Wheeler, Miroslav Satan

% Time on Ice - Canadiens

Lines # - Real PCT - Wanted PCT - Time Play
Normal Forward
1 - 35% - 40% - 19:20
2 - 29% - 30% - 15:46
3 - 22% - 20% - 11:58
4 - 15% - 10% - 8:00
Normal Defense
1 - 38% - 40% - 21:00
2 - 32% - 30% - 17:49
3 - 23% - 20% - 12:53
4 - 6% - 10% - 3:22
PP Forward
1 - 56% - 60% - 1:07
2 - 44% - 40% - 0:52
PP Defense
1 - 52% - 60% - 1:02
2 - 48% - 40% - 0:57
PK Forward
1 - 86% - 60% - 2:13
2 - 14% - 40% - 0:22
PK Defense
1 - 55% - 60% - 1:25
2 - 45% - 40% - 1:10
PK3 Forward
1 - 0% - 60%
2 - 0% - 40%
PK3 Defense
1 - 0% - 60%
2 - 0% - 40%
44 Forward
1 - 0% - 60%
2 - 0% - 40%
44 Defense
1 - 0% - 60%
2 - 0% - 40%
Last Minute Offensive  - 0:00
Last Minute Defensive  - 0:22
Total
Forward - 60:00
Defense - 60:00

% Time on Ice - Kings

Lines # - Real PCT - Wanted PCT - Time Play
Normal Forward
1 - 27% - 30% - 15:04
2 - 29% - 30% - 15:47
3 - 26% - 25% - 14:08
4 - 18% - 15% - 10:08
Normal Defense
1 - 39% - 40% - 21:30
2 - 35% - 35% - 19:30
3 - 26% - 25% - 14:07
4 - 0% - 0% - 0:00
PP Forward
1 - 57% - 60% - 1:29
2 - 43% - 40% - 1:06
PP Defense
1 - 67% - 60% - 1:44
2 - 33% - 40% - 0:51
PK Forward
1 - 78% - 60% - 1:33
2 - 22% - 40% - 0:26
PK Defense
1 - 56% - 60% - 1:07
2 - 44% - 40% - 0:52
PK3 Forward
1 - 0% - 60%
2 - 0% - 40%
PK3 Defense
1 - 0% - 60%
2 - 0% - 40%
44 Forward
1 - 0% - 60%
2 - 0% - 40%
44 Defense
1 - 0% - 60%
2 - 0% - 40%
Last Minute Offensive  - 0:19
Last Minute Defensive  - 0:00
Total
Forward - 60:00
Defense - 60:00

Play by Play

1st period


0:01 of 1st period - Marc Savard wins face-off versus Anze Kopitar in neutral zone.
0:03 of 1st period - Off-side.
0:04 of 1st period - Marc Savard wins face-off versus Anze Kopitar in neutral zone.
0:13 of 1st period - Slapshot by Marek Svatos.
0:13 of 1st period - Goal by Marek Svatos - Canadiens : 1 - Kings : 0.
0:14 of 1st period - Brooks Laich wins face-off versus Blake Wheeler in neutral zone.
0:19 of 1st period - Snap shot by Drew Miller.
0:19 of 1st period - Stopped by Viktor Fasth without a rebound.
0:20 of 1st period - Matt Duchene wins face-off versus Brooks Laich in Kings zone.
0:59 of 1st period - Boyd Devereaux is hit by Dan Boyle and loses puck.
2:31 of 1st period - Snap shot by Jordan Nolan.
2:31 of 1st period - Shot Misses the Net.
2:33 of 1st period - Slapshot by Miroslav Satan.
2:33 of 1st period - Shot Misses the Net.
2:47 of 1st period - Snap shot by Marc Savard.
2:47 of 1st period - Goal by Marc Savard - Canadiens : 2 - Kings : 0.
2:48 of 1st period - Anze Kopitar wins face-off versus Marc Savard in neutral zone.
2:56 of 1st period - Dennis Wideman is hit by Anze Kopitar and loses puck.
3:57 of 1st period - Icing by Ladislav Smid.
3:58 of 1st period - Boyd Devereaux wins face-off versus Brooks Laich in Canadiens zone.
4:05 of 1st period - Snap shot by Martin Samuelsson.
4:05 of 1st period - Shot Misses the Net.
4:07 of 1st period - Backhand shot by Martin Samuelsson.
4:07 of 1st period - Shot Blocked by Devin Setoguchi.
4:11 of 1st period - Snap shot by Martin Samuelsson.
4:11 of 1st period - Stopped by Jonathan Bernier with a rebound.
4:42 of 1st period - Snap shot by Brooks Laich.
4:42 of 1st period - Stopped by Viktor Fasth with a rebound.
4:48 of 1st period - Ladislav Smid is hit by Martin Samuelsson and loses puck.
5:05 of 1st period - Wrist shot by Brooks Laich.
5:05 of 1st period - Deflect By Drew Miller.
5:05 of 1st period - Shot Misses the Net.
5:05 of 1st period - Puck is out of play.
5:06 of 1st period - Marc Savard wins face-off versus Anze Kopitar in Kings zone.
6:01 of 1st period - Snap shot by Maxim Talbot.
6:01 of 1st period - Deflect By Riley Cote.
6:01 of 1st period - Shot Misses the Net.
6:01 of 1st period - Puck is out of play.
6:02 of 1st period - Maxim Talbot wins face-off versus Matt Duchene in Kings zone.
6:05 of 1st period - Wrist shot by Riley Cote.
6:05 of 1st period - Stopped by Viktor Fasth with a rebound.
6:07 of 1st period - Snap shot by Riley Cote.
6:07 of 1st period - Stopped by Viktor Fasth without a rebound.
6:08 of 1st period - Matt Duchene wins face-off versus Marc Savard in Kings zone.
6:21 of 1st period - Backhand shot by Matt Duchene.
6:21 of 1st period - Shot Misses the Net.
7:15 of 1st period - Snap shot by Blake Wheeler.
7:15 of 1st period - Stopped by Jonathan Bernier without a rebound.
7:16 of 1st period - Matt Duchene wins face-off versus Drew Miller in Canadiens zone.
7:45 of 1st period - Slapshot by Miroslav Satan.
7:45 of 1st period - Shot Misses the Net.
7:47 of 1st period - Snap shot by Miroslav Satan.
7:47 of 1st period - Shot Blocked by Ladislav Smid.
7:49 of 1st period - Snap shot by Jordan Nolan.
7:49 of 1st period - Shot Misses the Net.
8:10 of 1st period - Snap shot by Patrick Sharp.
8:10 of 1st period - Shot Misses the Net.
8:41 of 1st period - Icing by Dustin Boyd.
8:42 of 1st period - Boyd Devereaux wins face-off versus Rene Bourque in Canadiens zone.
9:07 of 1st period - Wrist shot by Patrick Sharp.
9:07 of 1st period - Stopped by Viktor Fasth with a rebound.
9:29 of 1st period - Slapshot by Maxim Talbot.
9:29 of 1st period - Stopped by Viktor Fasth without a rebound.
9:30 of 1st period - Matt Duchene wins face-off versus Maxim Talbot in Kings zone.
9:43 of 1st period - Snap shot by Maxim Talbot.
9:43 of 1st period - Shot Misses the Net.
9:59 of 1st period - Snap shot by Vladimir Tarasenko.
9:59 of 1st period - Stopped by Jonathan Bernier with a rebound.
10:01 of 1st period - Slapshot by Trevor Daley.
10:01 of 1st period - Stopped by Jonathan Bernier with a rebound.
10:03 of 1st period - Slapshot by Trevor Daley.
10:03 of 1st period - Stopped by Jonathan Bernier with a rebound.
10:05 of 1st period - Snap shot by Guillaume Latendresse.
10:05 of 1st period - Stopped by Jonathan Bernier with a rebound.
10:19 of 1st period - Dion Phaneuf is hit by Devin Setoguchi.
10:56 of 1st period - Dennis Wideman is hit by Miroslav Satan and loses puck.
11:44 of 1st period - Wrist shot by Greg Stewart.
11:44 of 1st period - Stopped by Viktor Fasth with a rebound.
11:46 of 1st period - Wrist shot by Greg Stewart.
11:46 of 1st period - Shot Misses the Net.
11:48 of 1st period - Wrist shot by Greg Stewart.
11:48 of 1st period - Shot Blocked by Lubomir Visnovsky.
11:56 of 1st period - Snap shot by Jordan Nolan.
11:56 of 1st period - Goal by Jordan Nolan - Canadiens : 2 - Kings : 1.
11:57 of 1st period - Marc Savard wins face-off versus Anze Kopitar in neutral zone.
12:24 of 1st period - Denis Grebeshkov is hit by Johnny Oduya and loses puck.
12:35 of 1st period - Snap shot by Andrei Kostitsyn.
12:35 of 1st period - Shot Misses the Net.
12:37 of 1st period - Backhand shot by Trevor Daley.
12:37 of 1st period - Shot Blocked by Ladislav Smid.
12:47 of 1st period - Snap shot by Riley Cote.
12:47 of 1st period - Shot Misses the Net.
13:09 of 1st period - Dion Phaneuf is hit by Dan Boyle and loses puck.
14:32 of 1st period - Drew Doughty is hit by Drew Miller and loses puck.
15:03 of 1st period - Slapshot by Marek Svatos.
15:03 of 1st period - Stopped by Viktor Fasth with a rebound.
15:05 of 1st period - Wrist shot by Marek Svatos.
15:05 of 1st period - Shot Misses the Net.
15:07 of 1st period - Snap shot by Marc Savard.
15:07 of 1st period - Shot Misses the Net.
15:09 of 1st period - Slapshot by Marek Svatos.
15:09 of 1st period - Stopped by Viktor Fasth with a rebound.
15:19 of 1st period - Snap shot by Drew Doughty.
15:19 of 1st period - Stopped by Jonathan Bernier without a rebound.
15:20 of 1st period - Maxim Talbot wins face-off versus Jordan Nolan in Canadiens zone.
15:25 of 1st period - Slapshot by Jordan Nolan.
15:25 of 1st period - Stopped by Jonathan Bernier with a rebound.
15:35 of 1st period - Snap shot by Maxim Talbot.
15:35 of 1st period - Stopped by Viktor Fasth without a rebound.
15:36 of 1st period - Matt Duchene wins face-off versus Marc Savard in Kings zone.
16:05 of 1st period - Icing by Johnny Oduya.
16:06 of 1st period - Anze Kopitar wins face-off versus Brooks Laich in Kings zone.
16:36 of 1st period - Snap shot by Miroslav Satan.
16:36 of 1st period - Stopped by Jonathan Bernier with a rebound.
16:38 of 1st period - Snap shot by Dion Phaneuf.
16:38 of 1st period - Deflect By Jordan Nolan.
16:38 of 1st period - Kings goal is going for a video replay.
16:38 of 1st period - The goal is good.
16:38 of 1st period - Goal by Jordan Nolan - Canadiens : 2 - Kings : 2.
16:39 of 1st period - Marc Savard wins face-off versus Anze Kopitar in neutral zone.
16:48 of 1st period - Anze Kopitar is hit by Marc Savard and loses puck.
16:53 of 1st period - Snap shot by Marc Savard.
16:53 of 1st period - Shot Blocked by Trevor Daley.
17:05 of 1st period - Trevor Daley is hit by Rene Bourque and loses puck.
17:10 of 1st period - Wrist shot by Dustin Boyd.
17:10 of 1st period - Shot Blocked by Trevor Daley.
17:12 of 1st period - Wrist shot by Denis Grebeshkov.
17:12 of 1st period - Deflect By Trevor Daley.
17:12 of 1st period - Stopped by Viktor Fasth with a rebound.
18:00 of 1st period - Martin Samuelsson is hit by Dan Boyle.
18:08 of 1st period - Drew Miller is hit by Scottie Upshall and loses puck.
18:29 of 1st period - Snap shot by Marek Svatos.
18:29 of 1st period - Stopped by Viktor Fasth without a rebound.
18:30 of 1st period - Matt Duchene wins face-off versus Marc Savard in Kings zone.
19:11 of 1st period - Wrist shot by Blake Wheeler.
19:11 of 1st period - Stopped by Jonathan Bernier with a rebound.
19:26 of 1st period - Wrist shot by Marek Svatos.
19:26 of 1st period - Stopped by Viktor Fasth without a rebound.
19:27 of 1st period - Dustin Boyd wins face-off versus Anze Kopitar in Kings zone.
19:49 of 1st period - Icing by Anze Kopitar.
19:50 of 1st period - Jordan Nolan wins face-off versus Maxim Talbot in Kings zone.
Goals for this period are 2 for Canadiens vs 2 for Kings.
Shots for this period are 15 for Canadiens vs 12 for Kings.

2nd period


0:01 of 2nd period - Anze Kopitar wins face-off versus Marc Savard in neutral zone.
0:14 of 2nd period - Wrist shot by Anze Kopitar.
0:14 of 2nd period - Stopped by Jonathan Bernier without a rebound.
0:15 of 2nd period - Marc Savard wins face-off versus Matt Duchene in Canadiens zone.
0:22 of 2nd period - Blake Wheeler is hit by Marek Svatos and loses puck.
0:46 of 2nd period - Snap shot by Drew Miller.
0:46 of 2nd period - Shot Misses the Net.
1:25 of 2nd period - Off-side.
1:26 of 2nd period - Marc Savard wins face-off versus Anze Kopitar in neutral zone.
2:00 of 2nd period - Slapshot by Blake Wheeler.
2:00 of 2nd period - Shot Misses the Net.
2:02 of 2nd period - Snap shot by Blake Wheeler.
2:02 of 2nd period - Stopped by Jonathan Bernier without a rebound.
2:03 of 2nd period - Matt Duchene wins face-off versus Brooks Laich in Canadiens zone.
2:04 of 2nd period - Snap shot by Andrei Kostitsyn.
2:04 of 2nd period - Shot Blocked by Dennis Wideman.
2:18 of 2nd period - Snap shot by Matt Duchene.
2:18 of 2nd period - Stopped by Jonathan Bernier with a rebound.
2:51 of 2nd period - Slapshot by Drew Doughty.
2:51 of 2nd period - Deflect By Jordan Nolan.
2:51 of 2nd period - Shot Blocked by Denis Grebeshkov.
2:51 of 2nd period - Puck is out of play.
2:52 of 2nd period - Dustin Boyd wins face-off versus Jordan Nolan in Canadiens zone.
2:59 of 2nd period - Scottie Upshall is hit by Rene Bourque and loses puck.
4:06 of 2nd period - Snap shot by Maxim Talbot.
4:06 of 2nd period - Deflect By Riley Cote.
4:06 of 2nd period - Shot Misses the Net.
4:06 of 2nd period - Puck is out of play.
4:07 of 2nd period - Blake Wheeler wins face-off versus Marc Savard in Kings zone.
4:19 of 2nd period - Drew Doughty is hit by Marc Savard and loses puck.
4:40 of 2nd period - Snap shot by Devin Setoguchi.
4:40 of 2nd period - Stopped by Viktor Fasth with a rebound.
4:42 of 2nd period - Slapshot by Dennis Wideman.
4:42 of 2nd period - Deflect By Drew Doughty.
4:42 of 2nd period - Stopped by Viktor Fasth with a rebound.
4:44 of 2nd period - Snap shot by Brooks Laich.
4:44 of 2nd period - Shot Hit the Post.
5:02 of 2nd period - Wrist shot by Vladimir Tarasenko.
5:02 of 2nd period - Stopped by Jonathan Bernier with a rebound.
5:04 of 2nd period - Slapshot by Drew Doughty.
5:04 of 2nd period - Shot Misses the Net.
5:06 of 2nd period - Snap shot by Drew Doughty.
5:06 of 2nd period - Stopped by Jonathan Bernier without a rebound.
5:07 of 2nd period - Marc Savard wins face-off versus Matt Duchene in Canadiens zone.
5:30 of 2nd period - Icing by Denis Grebeshkov.
5:31 of 2nd period - Anze Kopitar wins face-off versus Marc Savard in Canadiens zone.
6:18 of 2nd period - Rene Bourque is hit by Andrei Kostitsyn and loses puck.
6:40 of 2nd period - Slapshot by Anze Kopitar.
6:40 of 2nd period - Stopped by Jonathan Bernier without a rebound.
6:41 of 2nd period - Marc Savard wins face-off versus Guillaume Latendresse in Canadiens zone.
6:46 of 2nd period - Snap shot by Anze Kopitar.
6:46 of 2nd period - Stopped by Jonathan Bernier with a rebound.
7:14 of 2nd period - Snap shot by Andrei Kostitsyn.
7:14 of 2nd period - Deflect By Blake Wheeler.
7:14 of 2nd period - Shot Hit the Post.
7:14 of 2nd period - Puck is out of play.
7:15 of 2nd period - Jordan Nolan wins face-off versus Marc Savard in Canadiens zone.
7:18 of 2nd period - Snap shot by Jordan Nolan.
7:18 of 2nd period - Shot Blocked by Dennis Wideman.
7:28 of 2nd period - Slapshot by Marc Savard.
7:28 of 2nd period - Shot Blocked by Miroslav Satan.
7:47 of 2nd period - Vladimir Tarasenko is hit by Drew Miller and loses puck.
8:26 of 2nd period - Snap shot by Dustin Boyd.
8:26 of 2nd period - Shot Blocked by Dion Phaneuf.
9:09 of 2nd period - Snap shot by Anze Kopitar.
9:09 of 2nd period - Stopped by Jonathan Bernier with a rebound.
9:47 of 2nd period - Snap shot by Dustin Byfuglien.
9:47 of 2nd period - Shot Misses the Net.
9:49 of 2nd period - Backhand shot by Lubomir Visnovsky.
9:49 of 2nd period - Stopped by Jonathan Bernier with a rebound.
10:05 of 2nd period - Miroslav Satan is hit by Patrick Sharp and loses puck.
10:46 of 2nd period - Drew Doughty is hit by Jiri Fischer and loses puck.
11:06 of 2nd period - Slapshot by Dustin Boyd.
11:06 of 2nd period - Shot Misses the Net.
11:08 of 2nd period - Slapshot by Ladislav Smid.
11:08 of 2nd period - Shot Blocked by Drew Doughty.
11:14 of 2nd period - Slapshot by Greg Stewart.
11:14 of 2nd period - Shot Misses the Net.
11:58 of 2nd period - Snap shot by Anze Kopitar.
11:58 of 2nd period - Shot Misses the Net.
12:00 of 2nd period - Snap shot by Guillaume Latendresse.
12:00 of 2nd period - Stopped by Jonathan Bernier with a rebound.
12:02 of 2nd period - Snap shot by Guillaume Latendresse.
12:02 of 2nd period - Stopped by Jonathan Bernier with a rebound.
12:42 of 2nd period - Snap shot by Dustin Byfuglien.
12:42 of 2nd period - Stopped by Jonathan Bernier without a rebound.
12:43 of 2nd period - Marc Savard wins face-off versus Anze Kopitar in Canadiens zone.
12:52 of 2nd period - Snap shot by Marek Svatos.
12:52 of 2nd period - Stopped by Viktor Fasth without a rebound.
12:53 of 2nd period - Marc Savard wins face-off versus Anze Kopitar in Kings zone.
12:56 of 2nd period - Wrist shot by Marc Savard.
12:56 of 2nd period - Stopped by Viktor Fasth without a rebound.
12:57 of 2nd period - Matt Duchene wins face-off versus Marc Savard in Kings zone.
13:12 of 2nd period - Slapshot by Matt Duchene.
13:12 of 2nd period - Deflect By Andrei Kostitsyn.
13:12 of 2nd period - Shot Misses the Net.
13:12 of 2nd period - Puck is out of play.
13:13 of 2nd period - Anze Kopitar wins face-off versus Brooks Laich in Canadiens zone.
13:14 of 2nd period - Snap shot by Guillaume Latendresse.
13:14 of 2nd period - Stopped by Jonathan Bernier with a rebound.
14:01 of 2nd period - Wrist shot by Greg Stewart.
14:01 of 2nd period - Goal by Greg Stewart - Canadiens : 3 - Kings : 2.
14:02 of 2nd period - Patrick Sharp wins face-off versus Matt Duchene in neutral zone.
14:04 of 2nd period - Off-side.
14:05 of 2nd period - Marc Savard wins face-off versus Matt Duchene in neutral zone.
14:16 of 2nd period - Backhand shot by Marek Svatos.
14:16 of 2nd period - Goal by Marek Svatos - Canadiens : 4 - Kings : 2.
14:16 of 2nd period - Jean-Sébastien Giguère enters game.
14:17 of 2nd period - Marc Savard wins face-off versus Anze Kopitar in neutral zone.
15:10 of 2nd period - Wrist shot by Rene Bourque.
15:10 of 2nd period - Stopped by Jean-Sébastien Giguère without a rebound.
15:11 of 2nd period - Anze Kopitar wins face-off versus Marc Savard in Kings zone.
15:13 of 2nd period - Icing by Tomas Kaberle.
15:14 of 2nd period - Marc Savard wins face-off versus Anze Kopitar in Kings zone.
15:17 of 2nd period - Wrist shot by Marc Savard.
15:17 of 2nd period - Shot Blocked by Anze Kopitar.
15:29 of 2nd period - Slapshot by Guillaume Latendresse.
15:29 of 2nd period - Shot Blocked by Jiri Fischer.
15:45 of 2nd period - Wrist shot by Drew Miller.
15:45 of 2nd period - Shot Blocked by Tomas Kaberle.
15:47 of 2nd period - Snap shot by Drew Miller.
15:47 of 2nd period - Shot Blocked by Tomas Kaberle.
15:49 of 2nd period - Slapshot by Dennis Wideman.
15:49 of 2nd period - Shot Blocked by Dion Phaneuf.
16:24 of 2nd period - Wrist shot by Martin Samuelsson.
16:24 of 2nd period - Stopped by Jonathan Bernier without a rebound.
16:25 of 2nd period - Maxim Talbot wins face-off versus Boyd Devereaux in Canadiens zone.
16:52 of 2nd period - Snap shot by Devin Setoguchi.
16:52 of 2nd period - Stopped by Jean-Sébastien Giguère without a rebound.
16:53 of 2nd period - Anze Kopitar wins face-off versus Brooks Laich in Kings zone.
17:18 of 2nd period - Jiri Fischer is hit by Matt Duchene and loses puck.
17:47 of 2nd period - Dustin Boyd is hit by Miroslav Satan and loses puck.
17:59 of 2nd period - Off-side.
18:00 of 2nd period - Boyd Devereaux wins face-off versus Maxim Talbot in neutral zone.
18:07 of 2nd period - Dion Phaneuf is hit by Dan Boyle and loses puck.
18:30 of 2nd period - Backhand shot by Martin Samuelsson.
18:30 of 2nd period - Shot Blocked by Maxim Talbot.
18:32 of 2nd period - Snap shot by Martin Samuelsson.
18:32 of 2nd period - Shot Misses the Net.
18:34 of 2nd period - Snap shot by Boyd Devereaux.
18:34 of 2nd period - Stopped by Jonathan Bernier without a rebound.
18:35 of 2nd period - Marc Savard wins face-off versus Anze Kopitar in Canadiens zone.
18:42 of 2nd period - Snap shot by Patrick Sharp.
18:42 of 2nd period - Stopped by Jean-Sébastien Giguère with a rebound.
18:44 of 2nd period - Slapshot by Matt Carle.
18:44 of 2nd period - Deflect By Anze Kopitar.
18:44 of 2nd period - Stopped by Jean-Sébastien Giguère without a rebound.
18:45 of 2nd period - Anze Kopitar wins face-off versus Marc Savard in Kings zone.
18:45 of 2nd period - Anze Kopitar is hit by Marek Svatos.
18:55 of 2nd period - Tomas Kaberle is hit by Marc Savard and loses puck.
19:20 of 2nd period - Wrist shot by Vladimir Tarasenko.
19:20 of 2nd period - Stopped by Jonathan Bernier with a rebound.
19:27 of 2nd period - Off-side.
19:28 of 2nd period - Matt Duchene wins face-off versus Brooks Laich in neutral zone.
19:54 of 2nd period - Dennis Wideman is hit by Jordan Nolan and loses puck.
Goals for this period are 2 for Canadiens vs 0 for Kings.
Shots for this period are 10 for Canadiens vs 16 for Kings.

3rd period


0:01 of 3rd period - Matt Duchene wins face-off versus Marc Savard in neutral zone.
0:01 of 3rd period - Matt Duchene is hit by Dennis Wideman.
0:10 of 3rd period - Icing by Jiri Fischer.
0:11 of 3rd period - Marc Savard wins face-off versus Jordan Nolan in Canadiens zone.
0:26 of 3rd period - Slapshot by Marc Savard.
0:26 of 3rd period - Shot Misses the Net.
0:28 of 3rd period - Slapshot by Jiri Fischer.
0:28 of 3rd period - Stopped by Jean-Sébastien Giguère without a rebound.
0:29 of 3rd period - Matt Duchene wins face-off versus Brooks Laich in Kings zone.
0:42 of 3rd period - Snap shot by Drew Miller.
0:42 of 3rd period - Shot Misses the Net.
0:48 of 3rd period - Blake Wheeler is hit by Dennis Wideman and loses puck.
1:26 of 3rd period - Tomas Kaberle is hit by Rene Bourque and loses puck.
1:31 of 3rd period - Snap shot by Greg Stewart.
1:31 of 3rd period - Shot Blocked by Jordan Nolan.
1:41 of 3rd period - Boyd Devereaux is hit by Cam Janssen and loses puck.
2:00 of 3rd period - Tomas Kaberle is hit by Brooks Laich and loses puck.
2:29 of 3rd period - Marc Savard is hit by Johnny Oduya and loses puck.
2:53 of 3rd period - Off-side.
2:54 of 3rd period - Devin Setoguchi wins face-off versus Jordan Nolan in neutral zone.
2:59 of 3rd period - Slapshot by Drew Miller.
2:59 of 3rd period - Stopped by Jean-Sébastien Giguère without a rebound.
3:00 of 3rd period - Brooks Laich wins face-off versus Jordan Nolan in Kings zone.
3:03 of 3rd period - Slapshot by Devin Setoguchi.
3:03 of 3rd period - Deflect By Drew Miller.
3:03 of 3rd period - Shot Misses the Net.
3:03 of 3rd period - Puck is out of play.
3:04 of 3rd period - Jordan Nolan wins face-off versus Brooks Laich in Kings zone.
3:11 of 3rd period - Wrist shot by Miroslav Satan.
3:11 of 3rd period - Stopped by Jonathan Bernier without a rebound.
3:12 of 3rd period - Matt Duchene wins face-off versus Marc Savard in Canadiens zone.
3:13 of 3rd period - Wrist shot by Drew Doughty.
3:13 of 3rd period - Stopped by Jonathan Bernier without a rebound.
3:14 of 3rd period - Marc Savard wins face-off versus Matt Duchene in Canadiens zone.
3:19 of 3rd period - Wrist shot by Dennis Wideman.
3:19 of 3rd period - Stopped by Jean-Sébastien Giguère with a rebound.
3:46 of 3rd period - Snap shot by Guillaume Latendresse.
3:46 of 3rd period - Stopped by Jonathan Bernier with a rebound.
3:48 of 3rd period - Snap shot by Guillaume Latendresse.
3:48 of 3rd period - Shot Misses the Net.
3:50 of 3rd period - Slapshot by Guillaume Latendresse.
3:50 of 3rd period - Shot Misses the Net.
3:58 of 3rd period - Minor Penalty to Drew Miller for Hooking.
3:59 of 3rd period - Anze Kopitar wins face-off versus Maxim Talbot in Canadiens zone.
4:00 of 3rd period - Slapshot by Drew Doughty.
4:00 of 3rd period - Stopped by Jonathan Bernier with a rebound.
4:02 of 3rd period - Wrist shot by Andrei Kostitsyn.
4:02 of 3rd period - Shot Misses the Net.
4:49 of 3rd period - Marc Savard is hit by Anze Kopitar.
5:17 of 3rd period - Slapshot by Marc Savard.
5:17 of 3rd period - Shot Blocked by Blake Wheeler.
5:29 of 3rd period - Guillaume Latendresse is hit by Dennis Wideman and loses puck.
5:58 of 3rd period - Penalty to Drew Miller is over, Drew Miller is back on ice.
6:11 of 3rd period - Wrist shot by Greg Stewart.
6:11 of 3rd period - Shot Blocked by Martin Samuelsson.
6:50 of 3rd period - Slapshot by Drew Miller.
6:50 of 3rd period - Stopped by Jean-Sébastien Giguère without a rebound.
6:51 of 3rd period - Jordan Nolan wins face-off versus Marc Savard in Kings zone.
6:51 of 3rd period - Jordan Nolan is hit by Marc Savard.
6:57 of 3rd period - Marc Savard is hit by Scottie Upshall and loses puck.
8:25 of 3rd period - Matt Carle is hit by Dion Phaneuf and loses puck.
8:52 of 3rd period - Slapshot by Martin Samuelsson.
8:52 of 3rd period - Deflect By Boyd Devereaux.
8:52 of 3rd period - Shot Blocked by Denis Grebeshkov.
8:52 of 3rd period - Puck is out of play.
8:53 of 3rd period - Boyd Devereaux wins face-off versus Brooks Laich in Canadiens zone.
9:23 of 3rd period - Slapshot by Johnny Oduya.
9:23 of 3rd period - Shot Misses the Net.
10:03 of 3rd period - Wrist shot by Devin Setoguchi.
10:03 of 3rd period - Shot Misses the Net.
10:05 of 3rd period - Snap shot by Drew Miller.
10:05 of 3rd period - Stopped by Jean-Sébastien Giguère with a rebound.
10:48 of 3rd period - Snap shot by Andrei Kostitsyn.
10:48 of 3rd period - Stopped by Jonathan Bernier without a rebound.
10:49 of 3rd period - Anze Kopitar wins face-off versus Brooks Laich in Canadiens zone.
10:57 of 3rd period - Minor Penalty to Devin Setoguchi for Tripping.
10:58 of 3rd period - Maxim Talbot wins face-off versus Matt Duchene in Canadiens zone.
11:33 of 3rd period - Snap shot by Drew Doughty.
11:33 of 3rd period - Goal by Drew Doughty - Canadiens : 4 - Kings : 3.
11:34 of 3rd period - Anze Kopitar wins face-off versus Marc Savard in neutral zone.
11:46 of 3rd period - Minor Penalty to Tomas Kaberle for Hooking.
11:47 of 3rd period - Marc Savard wins face-off versus Boyd Devereaux in Kings zone.
11:51 of 3rd period - Snap shot by Marc Savard.
11:51 of 3rd period - Stopped by Jean-Sébastien Giguère without a rebound.
11:52 of 3rd period - Marc Savard wins face-off versus Boyd Devereaux in Kings zone.
11:53 of 3rd period - Snap shot by Marek Svatos.
11:53 of 3rd period - Stopped by Jean-Sébastien Giguère without a rebound.
11:54 of 3rd period - Marc Savard wins face-off versus Boyd Devereaux in Kings zone.
13:26 of 3rd period - Blake Wheeler is hit by Dennis Wideman and loses puck.
13:46 of 3rd period - Penalty to Tomas Kaberle is over, Tomas Kaberle is back on ice.
14:05 of 3rd period - Snap shot by Drew Doughty.
14:05 of 3rd period - Stopped by Jonathan Bernier without a rebound.
14:06 of 3rd period - Jordan Nolan wins face-off versus Cam Janssen in Canadiens zone.
14:19 of 3rd period - Slapshot by Cam Janssen.
14:19 of 3rd period - Shot Misses the Net.
14:35 of 3rd period - Wrist shot by Devin Setoguchi.
14:35 of 3rd period - Shot Misses the Net.
14:37 of 3rd period - Slapshot by Drew Miller.
14:37 of 3rd period - Shot Misses the Net.
14:39 of 3rd period - Slapshot by Dan Boyle.
14:39 of 3rd period - Stopped by Jean-Sébastien Giguère with a rebound.
14:41 of 3rd period - Slapshot by Dan Boyle.
14:41 of 3rd period - Deflect By Matt Duchene.
14:41 of 3rd period - Stopped by Jean-Sébastien Giguère with a rebound.
14:58 of 3rd period - Rene Bourque is hit by Tomas Kaberle and loses puck.
15:12 of 3rd period - Wrist shot by Matt Duchene.
15:12 of 3rd period - Shot Blocked by Denis Grebeshkov.
15:14 of 3rd period - Wrist shot by Blake Wheeler.
15:14 of 3rd period - Deflect By Andrei Kostitsyn.
15:14 of 3rd period - Stopped by Jonathan Bernier with a rebound.
15:16 of 3rd period - Slapshot by Drew Doughty.
15:16 of 3rd period - Shot Misses the Net.
15:18 of 3rd period - Snap shot by Andrei Kostitsyn.
15:18 of 3rd period - Shot Blocked by Denis Grebeshkov.
15:20 of 3rd period - Slapshot by Lubomir Visnovsky.
15:20 of 3rd period - Stopped by Jonathan Bernier without a rebound.
15:21 of 3rd period - Jordan Nolan wins face-off versus Marc Savard in Canadiens zone.
15:24 of 3rd period - Snap shot by Jordan Nolan.
15:24 of 3rd period - Shot Misses the Net.
15:53 of 3rd period - Off-side.
15:54 of 3rd period - Scottie Upshall wins face-off versus Dustin Boyd in neutral zone.
16:19 of 3rd period - Guillaume Latendresse is hit by Patrick Sharp and loses puck.
19:11 of 3rd period - Snap shot by Maxim Talbot.
19:11 of 3rd period - Goal by Maxim Talbot - Canadiens : 5 - Kings : 3.
19:12 of 3rd period - Dustin Boyd wins face-off versus Jordan Nolan in neutral zone.
19:37 of 3rd period - Brooks Laich is hit by Dion Phaneuf and loses puck.
Goals for this period are 1 for Canadiens vs 1 for Kings.
Shots for this period are 10 for Canadiens vs 9 for Kings.